AoeStats
← Mr. Penis

QS Arena

503480601Analyzed
4v4 RM · 1mo ago on Aug 31, 2026· 40m 22s· 8 players
Game mode
Random Map
Map size
Large (8 player)
Population
200
Speed
Normal
Resources
Standard
Victory
Conquest
Starting age
Dark Age
Ending age
Imperial Age
RankedLock teamsTeams togetherTeam positionsShared explorationLock speedFull tech treeHidden civsTurbo modeCheats
Victory
Defeat
🇨🇴 Spanish · Colombia
1271
+12
🇷🇺 Jurchens · Russia
1241
+14
1227
+14
🇨🇱 Burgundians · Chile
1149
+18
🇺🇸 Shu · United States
1297
-19
🇵🇰 Mongols · Pakistan
1207
-15
🇲🇽 Burgundians · Mexico
1150
-13
🇹🇼 Byzantines · Taiwan
1110
-11
Mr. Penis
8:23 Feudal Age
12:31 Castle Age
10:20 Double-Bit Axe
10:34 Horse Collar
14:30 Bow Saw
15:38 Fervor
16:59 Sanctity
17:41 Heavy Plow
20:40 Wheelbarrow
21:24 Loom
21:25 Town Watch
22:25 Gold Mining
22:25 Stone Mining
22:36 Stone Mining
23:37 Hand Cart
23:22 Town Patrol
28:41 Imperial Age
27:57 Gold Shaft Mining
27:58 Stone Shaft Mining
28:13 Fortified Wall
27:44 Treadmill Crane
28:17 Fortified Wall
28:13 Siege Engineers
28:18 Masonry
28:02 Fletching
28:39 Bodkin Arrow
30:11 Ballistics
30:51 Chemistry
30:22 Architecture
29:56 Bracer
31:30 Crop Rotation
32:21 Two-Man Saw
32:08 Conscription
32:02 Thunderclap Bombs
32:29 Hoardings
31:58 Fortified Bastions
TTCAPTT
9:19 Feudal Age
10:41 Wheelbarrow
13:14 Castle Age
11:23 Stone Mining
11:22 Horse Collar
11:49 Double-Bit Axe
15:07 Loom
16:03 Scale Barding Armor
21:19 Town Watch
24:39 Padded Archer Armor
25:00 Bloodlines
25:41 Leather Archer Armor
28:05 Hand Cart
29:18 Forging
33:00 Imperial Age
30:50 Fletching
30:25 Elite Skirmisher
31:55 Heavy Plow
33:06 Fortified Wall
33:33 Bodkin Arrow
34:19 Ring Archer Armor
34:35 Conscription
34:22 Husbandry
35:30 Chain Barding Armor
35:11 Bracer
35:52 Iron Casting
35:29 Cavalier
39:12 Paladin
El Monje Cleptómano de Cieza
8:54 Feudal Age
13:30 Castle Age
11:53 Loom
11:50 Horse Collar
11:56 Double-Bit Axe
14:27 Bow Saw
18:46 Heavy Plow
20:40 Wheelbarrow
22:03 Fletching
22:30 Masonry
22:43 Padded Archer Armor
24:10 Hand Cart
24:46 Bodkin Arrow
25:16 Leather Archer Armor
24:52 Gold Mining
24:53 Stone Mining
27:16 Thumb Ring
30:22 Imperial Age
28:45 Ballistics
28:20 Murder Holes
29:26 Atonement
30:53 Town Watch
31:17 Bracer
31:48 Ring Archer Armor
30:44 Elite Elephant Archer
32:41 Chemistry
34:19 Husbandry
Black.Sanchez
2:41 Double-Bit Axe
6:31 Loom
8:47 Feudal Age
7:27 Horse Collar
9:48 Bow Saw
16:24 Castle Age
14:44 Heavy Plow
16:09 Forging
16:00 Scale Mail Armor
16:18 Stone Mining
16:18 Gold Mining
17:40 Gold Shaft Mining
17:40 Stone Shaft Mining
19:51 Two-Man Saw
26:19 Imperial Age
23:29 Pikeman
26:17 Squires
26:57 Iron Casting
26:37 Chain Mail Armor
28:02 Wheelbarrow
27:14 Town Watch
28:04 Scale Barding Armor
27:25 Cavalier
28:07 Husbandry
29:59 Ballistics
29:18 Paladin
32:04 Halberdier
33:51 Chain Barding Armor
37:14 Plate Barding Armor
37:40 Blast Furnace
37:10 Plate Mail Armor
37:28 Arson
The Founding Titan
8:30 Feudal Age
12:43 Castle Age
10:57 Horse Collar
11:05 Double-Bit Axe
13:49 Bow Saw
13:29 Loom
19:26 Heavy Plow
21:52 Wheelbarrow
25:37 Imperial Age
23:32 Fletching
24:13 Hand Cart
23:27 Crossbowman
24:09 Gold Mining
25:49 Gold Shaft Mining
26:08 Thumb Ring
26:02 Bodkin Arrow
26:48 Conscription
28:33 Arbalester
29:21 Padded Archer Armor
30:12 Bolt Magazine
30:38 Leather Archer Armor
30:47 Bracer
31:31 Ballistics
32:46 Ring Archer Armor
34:28 Chemistry
Rey de Copas
8:43 Feudal Age
13:10 Castle Age
11:26 Double-Bit Axe
11:36 Horse Collar
12:37 Bow Saw
13:09 Heavy Plow
29:15 Imperial Age
27:22 Forging
27:19 Scale Barding Armor
27:31 Husbandry
28:54 Iron Casting
29:26 Chain Barding Armor
29:45 Crop Rotation
32:03 Blast Furnace
31:40 Plate Barding Armor
31:32 Conscription
31:39 Conscription
34:01 Elite Coustillier
37:00 Fletching
37:10 Padded Archer Armor
38:24 Bodkin Arrow
38:45 Leather Archer Armor
38:52 Ballistics
39:32 Chemistry
37:59 Elite Skirmisher
40:32 Bracer
DCCHEN
8:48 Feudal Age
8:45 Loom
9:22 Horse Collar
14:06 Castle Age
12:21 Double-Bit Axe
15:31 Heavy Plow
15:55 Bow Saw
21:12 Elite Skirmisher
22:57 Fletching
25:05 Pikeman
28:15 Padded Archer Armor
28:40 Ballistics
28:54 Gold Mining
28:55 Stone Mining
29:15 Thumb Ring
29:14 Bodkin Arrow
30:03 Scale Mail Armor
30:44 Squires
31:03 Leather Archer Armor
30:59 Forging
31:37 Wheelbarrow
34:29 Imperial Age
33:06 Chain Mail Armor
35:52 Bracer
sehal
7:46 Feudal Age
12:37 Castle Age
12:44 Castle Age
11:28 Loom
11:41 Double-Bit Axe
11:40 Horse Collar
11:56 Stone Mining
17:34 Fletching
17:58 Gold Mining
19:37 Bodkin Arrow
21:09 Padded Archer Armor
24:42 Wheelbarrow
25:23 Ballistics
26:49 Fortified Wall
26:35 Murder Holes
29:19 Gold Shaft Mining
28:58 Bow Saw
29:56 Leather Archer Armor
32:43 Imperial Age
30:54 Heavy Plow
32:49 Thumb Ring
32:58 Bloodlines
32:49 Husbandry
33:48 Conscription
34:13 Parthian Tactics
33:22 Light Cavalry
34:51 Bracer
35:02 Forging
34:57 Scale Barding Armor
34:26 Elite Skirmisher
35:50 Scale Mail Armor
35:15 Hussar
37:28 Iron Casting
38:49 Chain Mail Armor
Connection lost

Rejoining the realm…

Still unreachable

The connection could not be restored.

Session expired

The server has moved on; the page needs a fresh start.